 Dungeon Crawl Stone Soup version 0.26.0-16-gc1dbca0489 (webtiles) character file.

Game seed: 14550714864903588014

5851 Snicker the Covert (level 10, -7/66 HPs)
             Began as a Demonspawn Delver on Jan 22, 2021.
             Was a Priest of Hepliaklqana.
             Killed from afar by an electric eel (13 damage)
             ... with a bolt of electricity
             ... on level 10 of the Dungeon.
             The game lasted 00:20:35 (12113 turns).

Snicker the Covert (Demonspawn Delver)             Turns: 12113, Time: 00:20:35

Health: -7/66      AC: 10    Str: 19    XL:     10   Next: 52%
Magic:  10/10      EV: 15    Int: 11    God:    Hepliaklqana [***...]
Gold:   504        SH:  6    Dex: 18    Spells: 7/9 levels left

rFire    + . .     SeeInvis .   F - +5 short sword (curse)
rCold    . . .     Faith    .   (no shield)
rNeg     . . .     Spirit   .   R - +0 steam dragon scales
rPois    .         Reflect  .   p - +2 hat
rElec    .         Harm     .   u - +0 cloak
rCorr    .         Rampage  .   w - +0 pair of gloves
Will     .....                  (no boots)
Stlth    +++++.....             (no amulet)
HPRegen  0.21/turn              e - ring of protection from fire
MPRegen  0.12/turn              B - +6 ring of strength

@: slowed, very slow
A: reduced essence, large bone plates 2, foul stench 1, spiny 2, miasma immunity
a: Renounce Religion, Recall Ancestor, Ancestor Identity, Transference


You were on level 10 of the Dungeon.
You worshipped Hepliaklqana.
Hepliaklqana was most pleased with you.
You visited 2 branches of the dungeon, and saw 11 of its levels.

You collected 504 gold pieces.

Inventory:

Hand Weapons
 a - a +0 short sword
 b - a +2 quarterstaff of chaos
 F - a cursed +5 short sword (weapon)
 I - a +1 dagger of draining
 O - a +0 dagger of chaos
Missiles
 N - a boomerang of dispersal (quivered)
Armour
 p - a +2 hat (worn)
 u - a +0 cloak (worn)
 v - a +0 leather armour
 w - a +0 pair of gloves (worn)
 R - +0 steam dragon scales (worn)
Jewellery
 e - a ring of protection from fire (left hand)
 m - a -4 ring of intelligence
 x - an uncursed ring of flight
 B - a +6 ring of strength (right hand)
 E - a +6 ring of strength
 M - an uncursed ring of protection from fire
 Q - an uncursed amulet of the acrobat
Wands
 g - a wand of digging (3)
 h - a wand of iceblast (2)
 q - a wand of disintegration (8)
 r - a wand of random effects (8)
 P - a wand of flame (18)
Scrolls
 c - a scroll of fog
 d - 3 scrolls of magic mapping
 i - a scroll of random uselessness {unknown}
 j - 11 scrolls of identify
 n - 3 scrolls of immolation
 y - 5 scrolls of remove curse
 A - 3 scrolls of fear
 C - a scroll of enchant armour {unknown}
 J - 3 scrolls of teleportation {unknown}
 K - a scroll of acquirement {unknown}
Potions
 f - 2 potions of haste
 k - a potion of resistance {unknown}
 l - 7 potions of curing
 s - 2 potions of flight {unknown}
 t - 2 potions of mutation {unknown}
 z - a potion of lignification {unknown}
 D - 2 potions of attraction {unknown}
 H - a potion of degeneration {unknown}
 L - a potion of might {unknown}


   Skills:
 + Level 5.3 Fighting
 * Level 8.3 Short Blades
 + Level 3.5 Armour
 + Level 4.8 Dodging
 * Level 10.0 Stealth
 + Level 3.0 Shields
 * Level 3.7 Translocations
 + Level 0.9 Evocations


You had 7 spell levels left.
You knew the following spells:

 Your Spells              Type           Power        Failure   Level
a - Blink                 Tloc           N/A          12%         2

Your spell library contained the following spells:

 Spells                   Type           Power        Failure   Level
 Magic Dart               Conj           0%           34%         1
 Call Imp                 Summ           0%           47%         2
 Slow                     Hex            0%           47%         2
 Conjure Flame            Conj/Fire      0%           71%         3
 Mephitic Cloud           Conj/Pois/Air  0%           71%         3


Dungeon Overview and Level Annotations

Branches:
Dungeon (10/15)            Temple (1/1) D:6            Lair (0/6) D:8
    Orc: D:9-12

Altars:
Ashenzari
Cheibriados
Dithmenos
Elyvilon
Fedhas
Gozag
Hepliaklqana
Kikubaaqudgha
Makhleb
Nemelex Xobeh
Okawaru
Qazlal
Ru
Sif Muna
Trog
Uskayaw
Vehumet
Wu Jian
Xom
Yredelemnul
Zin
The Shining One

Shops:
D:5 }   D:7 }

Annotations:
D:8 2 runed translucent doors, exclusion: orange crystal statue


Innate Abilities, Weirdness & Mutations

You are mostly covered in large bone plates. (SH +6)
You may emit foul miasma when damaged in melee.
You are mostly covered in sharp spines.
You are immune to miasma.
Your life essence is reduced to manifest your ancestor. (-10% HP)


Message History

The killer bee is severely wounded.
You block the killer bee's attack. x2
You closely miss the killer bee.
The killer bee is severely wounded.
The killer bee is struck by your spines.
The killer bee misses you.
The killer bee stings you but does no damage.
You miss the killer bee.
The killer bee is almost dead.
The killer bee is struck by your spines.
The killer bee barely misses you.
The killer bee is struck by your spines.
You kill the killer bee!
An orc wizard comes into view. It is wielding a +0 dagger.
You see here a killer bee corpse.
The electric eel shoots out a bolt of lightning at you!
The bolt of electricity hits you!
* * * LOW HITPOINT WARNING * * *
The bolt of electricity hits you!
You die...

≈≈≈≈≈≈≈≈..........
≈≈≈≈≈≈≈≈.....####.# ....
≈≈≈≈≈≈≈≈≈..#.# .# ....
≈≈≈≈≈≈o≈#..#.# .#.....
≈≈≈;....#.)#.# .#≈≈≈≈≈
####.##.#..#.####$≈≈≈≈≈≈
#...###[...(..#≈≈≈≈≈≈≈
#.8...##)#.##†#;≈≈≈≈≈≈
#oo).#..).@.≈≈≈≈≈≈
#######...###≈≈≈≈≈
.......# ≈≈. #####o.# .
...# ##... (.... ######


You could see an electric eel and an orc wizard (wandering).

Vanquished Creatures
  Harold (D:7)
  Pikel (D:8)
  Psyche (D:9)
  Maggie (D:9)
  Grinder (D:5)
  A wraith (D:10)
  A wyvern (D:9)
  A water moccasin (D:6)
  An orc warrior (D:7)
  2 sky beasts
  2 ogres
  3 ice beasts
  A phantom (D:5)
  A lemure (D:8)
  A gnoll sergeant (D:7)
  2 scorpions
  7 killer bees
  9 wights
  2 howler monkeys
  An electric eel (D:10)
  A quasit (D:9)
  A centaur zombie (D:9)
  2 jellies
  3 hounds
  A bullfrog skeleton (D:6)
  2 gnoll shamans
  3 orc wizards
  An iguana (D:5)
  5 worker ants
  A killer bee zombie (D:6)
  18 gnolls
  12 adders
  2 shadow imps
  4 white imps
  2 ufetubi
  3 oozes
  An adder zombie (D:6)
  2 adder skeletons
  2 worms
  A dart slug (D:2)
  6 leopard geckos
  22 orcs
  6 bats
  5 giant cockroaches
  12 goblins
  4 hobgoblins
  4 jackals (D:3)
  4 quokkas
  5 frilled lizards
  9 kobolds
  A leopard gecko zombie (D:8)
  4 rats
189 creatures vanquished.

Vanquished Creatures (collateral kills)
  A water moccasin (D:9)
  A necrophage (D:9)
  2 ogres
  A centaur (D:9)
  2 scorpions
  2 howler monkeys (D:8)
  An orc wizard (D:7)
  Crazy Yiuf (D:3)
  A hound skeleton (D:6)
  2 gnolls
  An adder (D:2)
  An ooze (D:2)
  An adder zombie (D:8)
  A worm (D:4)
  2 leopard geckos (D:2)
  9 orcs
  4 hobgoblins
  A ball python (D:1)
  A kobold (D:1)
35 creatures vanquished.

Vanquished Creatures (others)
  2 ancestors
  5 hexers
  An orc (D:10)
8 creatures vanquished.

Grand Total: 232 creatures vanquished

Notes
Turn   | Place    | Note
-------+----------+-------------------------------------------
     0 | D:5      | Snicker the Demonspawn Delver began the quest for the Orb.
     0 | D:5      | Reached XP level 1. HP: 18/18 MP: 1/1
    34 | D:5      | Gained mutation: You are partially covered in sharp spines.
                  | [demonic ancestry]
    34 | D:5      | Reached XP level 2. HP: 24/24 MP: 2/2
   355 | D:6      | Noticed an ogre
   517 | D:5      | Noticed Grinder
   557 | D:4      | Noticed an ogre
   924 | D:4      | Reached skill level 5 in Stealth
  1154 | D:4      | Gained mutation: You are partially covered in large bone
                  | plates. (SH +4) [demonic ancestry]
  1154 | D:4      | Reached XP level 3. HP: 29/29 MP: 3/3
  1172 | D:4      | Noticed an ogre
  1761 | D:5      | Reached XP level 4. HP: 11/35 MP: 4/4
  2206 | D:5      | Reached skill level 1 in Armour
  2207 | D:5      | Found a basalt altar of Yredelemnul.
  2232 | D:5      | Gained mutation: You are mostly covered in large bone
                  | plates. (SH +6) [demonic ancestry]
  2232 | D:5      | Reached XP level 5. HP: 28/41 MP: 5/5
  2521 | D:5      | Noticed a phantom
  2521 | D:5      | Noticed an ogre
  3192 | D:6      | Reached skill level 6 in Stealth
  3456 | D:6      | Noticed a water moccasin
  3468 | D:6      | Killed a water moccasin
  3469 | D:6      | Reached skill level 1 in Shields
  3469 | D:6      | Gained mutation: You are immune to miasma. [demonic
                  | ancestry]
  3469 | D:6      | Reached XP level 6. HP: 32/47 MP: 6/6
  4299 | D:6      | Found a staircase to the Ecumenical Temple.
  4308 | Temple   | Entered the Ecumenical Temple
  4399 | Temple   | Became a worshipper of Hepliaklqana the Forgotten
  4711 | D:6      | Noticed a sky beast
  4717 | D:6      | Killed a sky beast
  4718 | D:6      | Gained mutation: You are mostly covered in sharp spines.
                  | [demonic ancestry]
  4718 | D:6      | Reached XP level 7. HP: 46/46 MP: 7/7
  4724 | D:6      | Found a shimmering blue altar of Sif Muna.
  5077 | D:7      | Found an iron altar of Okawaru.
  5422 | D:5      | Found Ufyor's Gadget Emporium.
  5437 | D:5      | Killed Grinder
  5438 | D:5      | Reached skill level 7 in Stealth
  5438 | D:5      | Gained mutation: You may emit foul miasma when damaged in
                  | melee. [demonic ancestry]
  5438 | D:5      | Reached XP level 8. HP: 48/54 MP: 8/8
  5624 | D:4      | Reached skill level 5 in Short Blades
  5766 | D:3      | Found a sacrificial altar of Ru.
  5944 | D:3      | Found an opulent altar of Gozag.
  6442 | D:3      | Found a runed translucent door.
  6443 | D:3      | Noticed Crazy Yiuf
  6456 | D:3      | Killed Crazy Yiuf
  6899 | D:2      | Reached * piety under Hepliaklqana
  7581 | D:4      | Found a stormy altar of Qazlal.
  7707 | D:1      | Reached ** piety under Hepliaklqana
  7711 | D:1      | Remembered your ancestor Edmée as a hexer
  7741 | D:1      | Learned a level 2 spell: Blink
  8927 | D:7      | Reached skill level 8 in Stealth
  9131 | D:7      | Reached skill level 1 in Translocations
  9134 | D:7      | Noticed Harold
  9428 | D:7      | Killed Harold
  9429 | D:7      | Reached XP level 9. HP: 50/59 MP: 9/9
  9679 | D:7      | Found Zyaxtocsumu's Gadget Shop.
  9846 | D:7      | Found a radiant altar of Vehumet.
 10190 | D:8      | Reached skill level 9 in Stealth
 10201 | D:8      | Found the +10 tower shield of Ignorance {rN+ Int-4}
 10206 | D:8      | Found a runed translucent door.
 10264 | D:8      | Found a runed translucent door.
 10264 | D:8      | Noticed an orange crystal statue
 10265 | D:8      | Noticed Pikel
 10304 | D:8      | Killed Pikel
 10537 | D:8      | Reached *** piety under Hepliaklqana
 10676 | D:8      | Found a staircase to the Lair.
 10975 | D:9      | Reached XP level 10. HP: 65/65 MP: 10/10
 11065 | D:9      | Found a shimmering altar of Xom.
 11065 | D:9      | Found a shimmering altar of Xom.
 11066 | D:9      | Found a shimmering altar of Xom.
 11131 | D:9      | Noticed Psyche
 11135 | D:9      | Killed Psyche
 11136 | D:9      | Reached skill level 5 in Fighting
 11472 | D:9      | Found a shimmering altar of Xom.
 11693 | D:9      | Found a snail-covered altar of Cheibriados.
 11766 | D:9      | Noticed Maggie
 11782 | D:9      | Killed Maggie
 12023 | D:10     | Entered Level 10 of the Dungeon
 12105 | D:10     | Reached skill level 10 in Stealth
 12113 | D:10     | Killed from afar by an electric eel

Illustrated notes

Levels and vault maps discovered:
D:1:      matt_arrival_debris, layout_basic, minmay_misc_feat_chi
D:2:      layout_basic, minmay_goblin_kobold_house
D:3:      layout_loops_cross, nicolae_ru_awakened_eye, old_standard_altar,
          guppyfry_early_orc_mine, uniq_crazy_yiuf_cottage
D:4:      layout_basic, kennysheep_mini_moat
D:5:      layout_basic, yredelemnul_altar_generic, serial_shops, shop,
          uniq_grinder
D:6:      layout_loops_corners, kennysheep_little_box,
          minmay_temple_entry_antechambers
D:7:      layout_rooms, lemuel_doored_altar, vehumet_crystals, serial_shops,
          shop, uniq_harold
D:8:      layout_rooms, lair_entry_dummy, chequers_guarded_unrand_ignorance,
          uniq_pikel
D:9:      layout_roguey, cheibriados_altar_1, xom_redecorated, uniq_maggie,
          uniq_psyche
D:10:     minmay_curly_fans, layout_basic, hiddenorc2_lemuel,
          gammafunk_ghost_smash, serial_bayou_pond_a, lemuel_centaur_altar,
          uniq_snorg
Temple:   nicolae_temple_god_jail

Skill      XL: |  1  2  3  4  5  6  7  8  9 10 |
---------------+-------------------------------+-----
Stealth        | 5 6 7 8 9 10 | 10.0
Short Blades   | 2 3 4 6 7 8 |  8.3
Dodging        | 2 3 4 |  4.8
Armour         | 1 2 3 |  3.5
Shields        | 1 2 3 |  3.0
Fighting       | 4 5 |  5.3
Translocations | 1 3 |  3.7
Evocations     | |  0.9

Action                   |  1- 3 |  4- 6 |  7- 9 | 10-12 || total
-------------------------+-------+-------+-------+-------++-------
Melee: Short sword       |    68 |    97 |   320 |   126 ||   611
Throw: Throwing net      |       |       |     1 |     2 ||     3
Invok: Ancestor Life: He |       |       |     1 |       ||     1
Evoke: Wand              |       |       |    10 |       ||    10
  Use: Scroll            |     1 |     3 |       |     1 ||     5
       Potion            |       |     1 |     1 |     2 ||     4
 Stab: Sleeping          |     4 |     8 |    26 |     8 ||    46
       Held in net/web   |       |       |     3 |       ||     3
       Distracted        |       |       |     2 |     2 ||     4
       Confused          |       |       |       |     1 ||     1
Armor: Leather armour    |    11 |     8 |    42 |     6 ||    67
       Steam dragon scal |       |       |       |    13 ||    13
Dodge: Dodged            |    55 |    38 |   139 |    62 ||   294
Block: Other             |     9 |    24 |    66 |    26 ||   125
